 Dungeon Crawl Stone Soup version 0.23-a0-650-ga4d50d4 (webtiles) character file.

24791 Lanoc the Grappler (level 12, -2/123 HPs)
             Began as a Troll Monk on Jan 4, 2019.
             Was the Champion of Qazlal.
             Slain by Rupert
             ... wielding a +0 battleaxe of flaming
              (23 damage)
             ... on level 13 of the Dungeon.
             The game lasted 00:24:06 (10110 turns).

Lanoc the Grappler (Troll Monk)                    Turns: 10110, Time: 00:24:07

Health: -2/123     AC: 10    Str: 26    XL:     12   Next: 83%
Magic:  16/16      EV: 14    Int:  6    God:    Qazlal [******]
Gold:   575        SH:  8    Dex: 12    Spells: 11/11 levels left

rFire    . . .     SeeInvis .     - Unarmed
rCold    . . .     Gourm    +   (no shield)
rNeg     . . .     Faith    .   z - +0 troll leather armour
rPois    .         Spirit   .   (helmet restricted)
rElec    .         Reflect  .   (no cloak)
rCorr    .         Harm     .   (gloves unavailable)
MR       +....                  (boots unavailable)
Stlth    +.........             i - amulet of regeneration
HPRegen  1.50/turn              l - ring of wizardry
MPRegen  0.15/turn              I - ring of protection from magic

@: protected from physical damage, repel missiles
A: large, unfitting armour, claws 3, fast metabolism 3, gourmand, regeneration
1, shaggy fur 1, tough skin 2
a: Upheaval, Elemental Force, Disaster Area, Renounce Religion


You were on level 13 of the Dungeon.
You worshipped Qazlal.
Qazlal was exalted by your worship.
You were completely stuffed.

You visited 2 branches of the dungeon, and saw 15 of its levels.
You also visited: Sewer.

You collected 652 gold pieces.
You spent 77 gold pieces at shops.

Inventory:

Hand Weapons
 F - a +5 hand axe of flaming
Missiles
 d - 19 large rocks (quivered)
 w - 4 throwing nets
Armour
 z - a +0 troll leather armour (worn)
Jewellery
 i - an amulet of regeneration (around neck)
 l - a ring of wizardry (left claw)
 x - an uncursed amulet of faith {unknown}
 I - a ring of protection from magic (right claw)
Wands
 n - a wand of paralysis (15)
 s - a wand of enslavement (10)
 v - a wand of flame (26)
 y - a wand of polymorph (14)
 B - a wand of iceblast (14)
 E - a wand of disintegration (19)
Scrolls
 c - 2 scrolls of fog {unknown}
 e - 4 scrolls of blinking
 g - 2 scrolls of magic mapping
 k - 3 scrolls of amnesia
 m - 3 scrolls of remove curse
 o - 8 scrolls of teleportation
 p - 4 scrolls of fear
 u - a scroll of silence
 A - a scroll of random uselessness {unknown}
Potions
 f - 5 potions of flight
 h - 2 potions of resistance
 j - a potion of mutation
 q - 5 potions of curing
 r - 2 potions of ambrosia
 t - 3 potions of haste
 C - a potion of lignification {unknown}
 D - 2 potions of heal wounds
 H - a potion of magic
Miscellaneous
 a - a lightning rod (4/4)
Comestibles
 b - 25 rations


   Skills:
 + Level 9.0 Fighting
 + Level 9.0 Dodging
 - Level 1.0 Stealth
 * Level 14.1 Unarmed Combat
 + Level 7.6 Invocations


You had 11 spell levels left.
You didn't know any spells.
Your spell library contained the following spells:

 Spells                   Type           Power        Failure   Level  Hunger
 Corona                   Hex            #......      22%         1    ##.....
 Ensorcelled Hibernation  Hex/Ice        #.....       32%         2    ###....
 Poisonous Vapours        Pois/Air       #.....       32%         2    ###....
 Confuse                  Hex            #.......     52%         3    ####...
 Conjure Flame            Conj/Fire      #.......     52%         3    ####...
 Dazzling Spray           Conj/Hex       #.....       52%         3    ####...
 Mephitic Cloud           Conj/Pois/Air  #.......     52%         3    ####...
 Tukima's Dance           Hex            #.......     52%         3    ####...
 Freezing Cloud           Conj/Ice/Air   #.........   100%        6    #######
 Ring of Flames           Chrm/Fire      #.........   100%        7    #######


Dungeon Overview and Level Annotations

Branches:
Dungeon (14/15) Temple (1/1) D:5 Lair (0/6) D:11 Orc (0/2) D:12 Vaults (0/5) D:13 D:14

Altars:
Cheibriados
Dithmenos
Makhleb
Nemelex Xobeh
Okawaru
Qazlal
Ru
Sif Muna
Uskayaw
Xom
Yredelemnul

Shops:
D:7 ?   D:10 [[=}}

Annotations:
D:12 3 runed doors, Borgoz's ghost, journeyman GrGl
D:13 Rupert
D:14 Urug


Innate Abilities, Weirdness & Mutations

You are too large for most types of armour.
You have claws for hands.
Your metabolism is lightning-fast.
You like to eat raw meat.
Your natural rate of healing is unusually fast.
You are covered in fur. (AC +1)
You have very tough skin. (AC +2)


Message History

Something hits you!
Rupert is engulfed in blazing flames.
Rupert hits you with a +0 battleaxe of flaming!
Rupert burns you.
The human hits you but does no damage. x2
You claw the human!
You kill the human!
Qazlal accepts your kill. You block something's attack.
Rupert is engulfed in blazing flames.
Rupert barely misses you. Something hits you. The human hits you!
Rupert is engulfed in blazing flames.
Rupert rages.
You see here a human corpse.
Rupert is engulfed in blazing flames.
Rupert hits you with a +0 battleaxe of flaming!!
* * * LOW HITPOINT WARNING * * *
You feel more protected from physical attacks.
Rupert burns you.
* * * LOW HITPOINT WARNING * * *
You feel much better.
Rupert hits you with a +0 battleaxe of flaming!!
You die...

####.##...#.#.#.# #.#
#........#)#.##########.#
#..#^..#.#..............#
#..#########.################
#..........°.................
#.######.................####
#.# #....p°...........)...#
#.# #(.###@#.###.......##..
#.#####..###@#.# #.#########.
#............#.# #.# #.
########..####.###.# #####.
############..# #.#...#
#..... #..........#..#
#.#.### #..)..
#.########.#..####.#.###
#.....
#.#....#.#.#...........#
#.....
#.#......#......###....#
#..... #.####.#.#......#
#....# #.....


You could see Rupert (berserk) and a human.

Vanquished Creatures
  Frances (D:12)
  Harold (D:8)
  Fannar (D:12)
  A centaur warrior (D:13)
  2 two-headed ogres
  An unseen horror (D:12)
  An ugly thing (D:9)
  2 deep elf magi
  3 cyclopes
  3 centaur zombies
  2 gargoyles
  Psyche (D:8)
  4 trolls
  2 hornets
  5 hippogriffs
  7 yaks
  2 wraiths
  3 humans
  3 hogs (D:9)
  4 hungry ghosts
  A soldier ant (D:13)
  A water moccasin (D:8)
  4 porcupines (D:11)
  15 orc warriors
  5 ice beasts
  A black bear (D:11)
  A phantom (D:5)
  5 sky beasts
  8 ogres
  2 crocodiles
  13 centaurs
  A big kobold (Sewer)
  11 bullfrogs
  2 wyvern zombies (D:12)
  A water moccasin skeleton (D:12)
  5 scorpions
  An electric eel (D:10)
  7 wights
  2 crimson imps
  3 howler monkeys
  4 jellies
  7 hounds
  3 quasits
  2 bullfrog zombies
  7 centaur skeletons
  A gnoll shaman (D:5)
  13 orc priests
  20 orc wizards
  A bullfrog skeleton (D:11)
  3 iguanas
  5 worker ants
  A hound zombie (D:8)
  A hound skeleton (D:6)
  49 gnolls
  10 adders
  A river rat (Sewer)
  4 shadow imps
  2 oozes
  An adder skeleton (D:8)
  An adder zombie (D:8)
  A worm (D:6)
  3 dart slugs
  11 leopard geckos
  72 orcs
  3 ball pythons
  3 bats
  5 giant cockroaches
  6 goblins
  A hobgoblin (D:1)
  25 jackals
  13 kobolds
  2 quokkas
  7 frilled lizards
  2 jackal skeletons
  A leopard gecko skeleton (D:8)
  A quokka skeleton (D:10)
  7 rats
437 creatures vanquished.

Vanquished Creatures (others)
  A big kobold (D:10)
  A fungus (D:11)
2 creatures vanquished.

Grand Total: 439 creatures vanquished

Notes
Turn   | Place    | Note
-------+----------+-------------------------------------------
     0 | D:1      | Lanoc the Troll Monk began the quest for the Orb.
     0 | D:1      | Reached XP level 1. HP: 22/22 MP: 0/0
    83 | D:1      | Reached XP level 2. HP: 28/29 MP: 1/1
   318 | D:2      | Reached XP level 3. HP: 36/36 MP: 2/2
   413 | D:3      | Noticed an ice beast
   420 | D:3      | Reached skill level 4 in Unarmed Combat
   443 | D:3      | Found a stormy altar of Qazlal.
   443 | D:3      | Found a shimmering altar of Xom.
   446 | D:3      | Became a worshipper of Qazlal Stormbringer
   446 | D:3      | Reached * piety under Qazlal
   446 | D:3      | Reached ** piety under Qazlal
   482 | D:3      | Found a burning altar of Makhleb.
   545 | D:3      | Reached XP level 4. HP: 44/44 MP: 3/3
   608 | D:3      | Found a glowing drain.
   658 | Sewer    | Entered a sewer
   721 | Sewer    | Noticed a big kobold
   735 | Sewer    | Killed a big kobold
   735 | Sewer    | Reached XP level 5. HP: 45/53 MP: 4/4
   758 | Sewer    | Found a glowing silver altar of Zin.
  1013 | D:3      | Killed an ice beast
  1013 | D:3      | Reached skill level 5 in Unarmed Combat
  1013 | D:3      | Reached XP level 6. HP: 4/61 MP: 5/5
  1162 | D:4      | Found a sparkling altar of Nemelex Xobeh.
  1500 | D:4      | Found a deep blue altar of Sif Muna.
  1525 | D:4      | Found a shadowy altar of Dithmenos.
  1744 | D:4      | Noticed a hornet
  1746 | D:4      | Paralysed by a hornet for 1 turns
  1749 | D:4      | Killed a hornet
  1749 | D:4      | Reached skill level 6 in Unarmed Combat
  1749 | D:4      | Reached XP level 7. HP: 36/70 MP: 6/6
  1823 | D:4      | Found a snail-covered altar of Cheibriados.
  2054 | D:5      | Entered Level 5 of the Dungeon
  2096 | D:5      | Found a staircase to the Ecumenical Temple.
  2106 | D:5      | Reached *** piety under Qazlal
  2143 | Temple   | Entered the Ecumenical Temple
  2285 | D:5      | Reached skill level 7 in Unarmed Combat
  2311 | D:5      | Reached XP level 8. HP: 76/79 MP: 7/7
  2674 | D:5      | Reached **** piety under Qazlal
  2713 | D:5      | Reached skill level 5 in Fighting
  2759 | D:5      | Reached skill level 8 in Unarmed Combat
  2770 | D:5      | Reached skill level 5 in Dodging
  3246 | D:6      | Reached ***** piety under Qazlal
  3276 | D:6      | Reached XP level 9. HP: 83/88 MP: 8/8
  3370 | D:6      | Reached skill level 9 in Unarmed Combat
  3504 | D:6      | Reached skill level 1 in Invocations
  3514 | D:6      | Found a basalt altar of Yredelemnul.
  3772 | D:7      | Found a sacrificial altar of Ru.
  3881 | D:7      | HP: 4/89 [poisoned by a hornet]
  4117 | D:7      | Found Desacui's Magic Scroll Boutique.
  4132 | D:7      | Bought a scroll of identify for 22 gold pieces
  4132 | D:7      | Bought a scroll of identify for 22 gold pieces
  4132 | D:7      | Bought a scroll of teleportation for 33 gold pieces
  4191 | D:7      | Got a translucent quarterstaff
  4196 | D:7      | Identified the cursed +0 quarterstaff of Uncomfortable
                  | Rashes {crush, rC+} (You found it on level 7 of the
                  | Dungeon)
  4625 | D:8      | Reached skill level 10 in Unarmed Combat
  4713 | D:8      | Noticed Psyche
  4721 | D:8      | Killed Psyche
  4721 | D:8      | Reached XP level 10. HP: 100/100 MP: 11/11
  4927 | D:8      | Noticed a +0 dagger
  4927 | D:8      | Noticed a -1 hand axe
  4928 | D:8      | Found a hide-covered altar of Uskayaw.
  5083 | D:8      | Noticed Harold
  5089 | D:8      | Killed Harold
  5504 | D:9      | Noticed a cyan ugly thing
  5518 | D:9      | Killed a cyan ugly thing
  5670 | D:9      | Reached skill level 11 in Unarmed Combat
  5702 | D:9      | Noticed a deep elf mage
  5710 | D:9      | Killed a deep elf mage
  6160 | D:10     | Entered Level 10 of the Dungeon
  6190 | D:10     | Reached ****** piety under Qazlal
  6197 | D:10     | Reached XP level 11. HP: 44/109 MP: 13/13
  6264 | D:10     | Reached skill level 5 in Invocations
  6327 | D:10     | Found Emasas's Gadget Emporium.
  6347 | D:10     | Found Wingir's Gadget Shoppe.
  6426 | D:10     | Found Fuxu's Armour Shoppe.
  6451 | D:10     | Noticed a two-headed ogre
  6456 | D:10     | Killed a two-headed ogre
  6456 | D:10     | Reached skill level 12 in Unarmed Combat
  6571 | D:10     | Found Soafabirph's Jewellery Shop.
  6629 | D:10     | Found Maad's Antique Armour Shoppe.
  7478 | D:11     | Found a staircase to the Lair.
  7863 | D:12     | Noticed a two-headed ogre
  7873 | D:12     | Killed a two-headed ogre
  7912 | D:12     | Killed an unseen horror
  8012 | D:12     | Found a runed gate.
  8012 | D:12     | Found a runed gate.
  8012 | D:12     | Found a runed gate.
  8012 | D:12     | Noticed Borgoz's ghost (journeyman GrGl)
  8012 | D:12     | Noticed a minotaur
  8012 | D:12     | Noticed a deep elf mage
  8065 | D:12     | Reached skill level 13 in Unarmed Combat
  8065 | D:12     | Reached XP level 12. HP: 98/120 MP: 15/15
  8382 | D:12     | Found a staircase to the Orcish Mines.
  8413 | D:12     | Noticed Frances
  8431 | D:12     | Killed Frances
  8431 | D:12     | Noticed Fannar
  8438 | D:12     | Killed Fannar
  9359 | D:13     | Noticed a centaur warrior
  9363 | D:13     | Killed a centaur warrior
  9363 | D:13     | Reached skill level 14 in Unarmed Combat
 10093 | D:14     | Found a gate to the Vaults.
 10093 | D:14     | Noticed Urug
 10093 | D:14     | Noticed Rupert
 10093 | D:14     | Noticed a centaur warrior
 10109 | D:13     | HP: 6/123 [Rupert/+0 battleaxe of flaming (34)]
 10110 | D:13     | Slain by Rupert

Vault maps used:
D:1:      enne_arrival_octagon_isle
D:3:      lemuel_crystal_altar, gammafunk_temple_overflow_elements,
          gup_sewer_entry_pipe, first_ration, minivault_5, minmay_crystal_room,
          minmay_misc_feat_four_crosses
D:4:      marbit_many_paths, kennysheep_little_box, lemuel_crystal_altar,
          lemuel_statue_altar
D:5:      lemuel_castle_with_subvaults, minmay_temple_entry_water_ring
D:6:      kennysheep_mini
D:7:      nicolae_overflow_crystal_walls, serial_shops, kennysheep_mini_moat
D:8:      dancing_weapons_uskayaw, uniq_harold, uniq_psyche
D:9:      grunt_livestock, grunt_decor_cap
D:10:     serial_shops, shop_fountains, shop, nicolae_shop_waterfront,
          nicolae_shop_statue_plus, nicolae_shop_behind_doors,
          kennysheep_small_circle
D:11:     grunt_lair_entry_orc_guard_hut
D:12:     hiddenorc2_lemuel, maelrawn_ghost_gauntlet_escape,
          chequers_serial_rivers_small_3, uniq_frances, uniq_fannar
D:14:     david_vaults_3, minmay_fractal_squares_gapless_7
Temple:   nicolae_temple_figure_eight
Sewer:    sewer_kobolds

Skill      XL: |  1  2  3  4  5  6  7  8  9 10 11 12 |
---------------+-------------------------------------+-----
Unarmed Combat | 4 5 6 7 8 10 11 13 14 | 14.1
Fighting       | 3 4 5 6 7 8 9 |  9.0
Dodging        | 3 4 5 6 7 8 9 |  9.0
Invocations    | 3 4 6 7 |  7.6
Stealth        | |  1.0

Action                   |  1- 3 |  4- 6 |  7- 9 | 10-12 || total
-------------------------+-------+-------+-------+-------++-------
Melee: Unarmed           |    79 |    98 |   416 |   629 ||  1222
       Punch             |     1 |     3 |    17 |    50 ||    71
  Use: Scroll            |     4 |       |     9 |     6 ||    19
       Potion            |       |     4 |     2 |     1 ||     7
 Stab: Sleeping          |     1 |       |       |       ||     1
  Eat: Chunk             |     9 |    11 |    24 |    73 ||   117
Armor: Robe              |    32 |    28 |    62 |    17 ||   139
       Troll leather arm |       |       |       |    95 ||    95
Dodge: Dodged            |    31 |    45 |   232 |   229 ||   537
       Deflected         |       |       |       |    22 ||    22
Block: Other             |       |     2 |    78 |   186 ||   266

Table legend:
 A = Non-vault XP
 B = Vault XP
 C = Vault XP percentage of total XP
 D = Non-vault monster count
 E = Vault monster count
 F = Vault count percentage of total count
                 A         B        C        D         E       F
            +---------+---------+-------+---------+---------+-------
      Total |   26791 |    8626 |  24.4 |     318 |     120 |  27.4
            +---------+---------+-------+---------+---------+-------
        D:1 |      39 |       0 |   0.0 |      19 |       0 |   0.0
        D:2 |      42 |       0 |   0.0 |      11 |       0 |   0.0
        D:3 |     191 |      12 |   5.9 |      20 |       4 |  16.7
        D:4 |     475 |       0 |   0.0 |      13 |       0 |   0.0
        D:5 |     873 |     744 |  46.0 |      16 |      55 |  77.5
        D:6 |     678 |       0 |   0.0 |      33 |       0 |   0.0
        D:7 |    1149 |       0 |   0.0 |      20 |       0 |   0.0
        D:8 |    1420 |    1417 |  49.9 |      24 |       2 |   7.7
        D:9 |    1956 |     996 |  33.7 |      16 |       5 |  23.8
       D:10 |    3959 |     244 |   5.8 |      40 |       2 |   4.8
       D:11 |    3738 |     828 |  18.1 |      23 |       6 |  20.7
       D:12 |    5595 |    3863 |  40.8 |      37 |      34 |  47.9
       D:13 |    6676 |     398 |   5.6 |      46 |       2 |   4.2
      Sewer |       0 |     124 | 100.0 |       0 |      10 | 100.0
            +---------+---------+-------+---------+---------+-------
